Map: Goldenaura LE

Players

神族我的超人

  • Race: Protoss Protoss
  • Spawn Location: 5:00

Stats - Winner!

  • Race: Protoss Protoss
  • League: Master
  • Spawn Location: 12:00

VOD

Have the link to the VOD?

Description

Time

  • Played on: Dec. 5, 2023, 4:17 a.m.
  • Length: 6:01
Show
View Real Time Build Order
Export as new Build Order

神族我的超人 Protoss 

Build Orders: Oracle Opening 

Get SALT Encoding   

  12  0:00  Probe  
  13  0:12  Probe  
  14  0:17  Pylon  
  14  0:24  Probe (Chrono Boost)  
  15  0:36  Probe (Chrono Boost)  
  15  0:37  Gateway  
  16  0:44  Probe (Chrono Boost)  
  16  0:46  Assimilator  
  17  0:51  Probe  
  17  0:54  Assimilator  
  18  1:03  Probe (Chrono Boost)  
  19  1:07  Gateway  
  19  1:12  Probe (Chrono Boost)  
  19  1:17  Probe (Chrono Boost)  
  20  1:25  Cybernetics Core  
  21  1:29  Probe  
  22  1:38  Pylon  
  22  1:41  Probe  
  23  1:56  Probe  
  24  2:02  Stalker x2  
  24  2:05  Warp Gate  
  28  2:14  Pylon  
  28  2:21  Stargate  
  28  2:32  Stalker  
  30  2:38  Stalker  
  31  3:04  Nexus  
  31  3:12  Oracle (Chrono Boost)  
  34  3:21  Probe  
  34  3:24  Pylon  
  35  3:33  Probe  
  36  3:39  Oracle (Chrono Boost)  
  37  3:45  Probe  
  34  3:57  Probe  
  31  4:09  Probe (Chrono Boost)  
  30  4:20  Probe (Chrono Boost)  
  30  4:21  Probe (Chrono Boost)  
  30  4:28  Probe (Chrono Boost)  
  30  4:29  Probe (Chrono Boost)  
  30  4:34  Probe  
  30  4:35  Probe  
  32  4:45  Twilight Council  
  29  4:46  Probe  
  29  4:48  Stalker  
  29  4:50  Stalker  
  29  4:51  Probe  
  35  4:58  Probe  
  36  5:03  Probe  
  37  5:10  Probe  
  37  5:11  Stalker  
  40  5:16  Probe  
  41  5:22  Probe  
  41  5:25  Stalker  
  44  5:28  Probe  
  45  5:36  Probe  
  45  5:37  Stalker  
  45  5:41  Probe  
  45  5:42  Gateway  
Show
View Real Time Build Order
Export as new Build Order

Stats Protoss - Winner!

Build Orders: Blink Stalkers 

Get SALT Encoding   

  12  0:00  Probe  
  13  0:12  Probe  
  14  0:17  Pylon  
  14  0:24  Probe (Chrono Boost)  
  15  0:36  Probe (Chrono Boost)  
  15  0:37  Gateway  
  16  0:44  Probe (Chrono Boost)  
  16  0:46  Assimilator  
  17  0:51  Probe  
  17  0:56  Assimilator  
  18  1:03  Probe (Chrono Boost)  
  19  1:09  Gateway  
  19  1:14  Probe (Chrono Boost)  
  20  1:18  Probe (Chrono Boost)  
  21  1:26  Cybernetics Core  
  21  1:29  Probe  
  22  1:34  Pylon  
  22  1:41  Probe  
  23  1:53  Probe  
  24  2:02  Stalker  
  24  2:03  Stalker  
  24  2:04  Warp Gate  
  29  2:12  Pylon  
  29  2:17  Shield Battery  
  29  2:19  Probe  
  29  2:28  Pylon  
  29  2:34  Adept x2  
  33  2:55  Nexus  
  33  3:03  Shield Battery  
  33  3:07  Sentry x2  
  37  3:17  Probe  
  37  3:19  Pylon  
  36  3:27  Twilight Council  
  36  3:33  Probe  
  37  3:47  Probe  
  34  3:52  Stalker x2  
  36  3:56  Blink (Chrono Boost)  
  36  3:59  Probe  
  31  4:11  Probe x2  
  31  4:16  Stalker  
  32  4:18  Stalker  
  32  4:23  Probe  
  32  4:24  Probe  
  36  4:41  Stalker  
  36  4:44  Stalker  
  35  4:48  Probe x2  
  37  5:00  Probe x2  
  39  5:07  Adept x2  
  43  5:17  Probe x2  
  45  5:22  Nexus  
  44  5:36  Stalker x2  
  44  5:38  Probe x2  
  44  5:41  Pylon  
Tags
 
Composition
Blink Stalkers
League
Master
Matchup
PvP
Player
Stats
Replay Pack
December 2023
Spawn Locations
Cross Positions
Add a new tag
Caveats
  • Supply blocks, unpowered buildings, or Contaminate may cause inaccurate times.
  • Supply counts are checked every 10 seconds.